 Dungeon Crawl Stone Soup version 0.31-a0-152-g6aa68a64a1 (webtiles) character file.

Game seed: 15166092469558223122

270 Elmgren the Shooter (level 6, -2/35 HPs)
             Began as a Gargoyle Hunter on June 10, 2023.
             Slain by a gnoll
             ... wielding a +0 whip
             ... led by a gnoll bouda
              (5 damage)
             ... on level 4 of the Dungeon.
             The game lasted 00:07:52 (2954 turns).

Elmgren the Shooter (Gargoyle Hunter)               Turns: 2954, Time: 00:07:52

Health: -2/35      AC:  8    Str: 15    XL:     6   Next: 22%
Magic:  6/6        EV: 11    Int:  9    God:
Gold:   181        SH:  0    Dex: 15    Spells: 5/5 levels left

rFire   . . .        a - +0 shortbow
rCold   . . .        (shield currently unavailable)
rNeg    + . .        c - +0 leather armour
rPois   ∞            m - +0 helmet
rElec   +            (no cloak)
rCorr   .            (no gloves)
SInv    .            (no boots)
Will    .....        (no amulet)
Stlth   ++           (no ring)
HPRegen 0.25/turn    (no ring)
MPRegen 0.10/turn

%: no passive effects
@: weakened
A: sickness immunity, AC +4, negative energy resistance 1, electricity
resistance, torment resistance 1, petrification resistance
a: no special abilities


You were on level 4 of the Dungeon.
You visited 1 branch of the dungeon, and saw 4 of its levels.

You collected 181 gold pieces.

Inventory:

Hand Weapons
 a - a +0 shortbow (weapon)
Armour
 c - a +0 leather armour (worn)
 m - a +0 helmet (worn)
Scrolls
 b - a scroll of butterflies
 d - 4 scrolls of teleportation
 e - a scroll of fog
Potions
 f - a potion of degeneration
 g - a potion of brilliance
 i - a potion of lignification
 l - a potion of invisibility {unknown}


   Skills:
 - Level 2.1 Fighting
 + Level 7.3 Ranged Weapons
 - Level 1.5 Dodging
 - Level 1.1 Stealth


You had 5 spell levels left.
You didn't know any spells.
Your spell library contained the following spells:

 Spells                   Type           Power      Damage    Failure   Level
 Freeze                   Ice            0%         1d3       45%         1
 Frozen Ramparts          Ice            0%         1d1       83%         3
 Hailstorm                Conj/Ice       0%         3d3       83%         3
 Vhi's Electric Charge    Tloc/Air       0%         N/A       83%         3
 Arcjolt                  Conj/Air       0%         1d10      100%        5
 Maxwell's Capacitive Co  Air            0%         ∞         100%        8


Dungeon Overview and Level Annotations

Branches:
Dungeon (4/15)
 Temple: D:4-7

Altars:
Dithmenos


Innate Abilities, Weirdness & Mutations

You are immune to sickness and miasma.
Your stone body is resilient. (AC +4)
You are immune to poison.
You resist negative energy. (rN+)
You are resistant to electric shocks. (rElec)
You are resistant to unholy torment.
You are immune to petrification.


Message History

The arrow barely misses the gnoll bouda.
The arrow closely misses the gnoll.
The arrow hits the gnoll.
The gnoll is heavily wounded.
The gnoll bouda hits you with a +0 whip.
You shoot an arrow.
The arrow hits the gnoll bouda but does no damage.
The gnoll bouda is moderately wounded.
The gnoll bouda hits you but does no damage.
You shoot an arrow. The arrow hits the gnoll bouda!
The gnoll bouda is severely wounded.
The gnoll is no longer moving quickly.
The gnoll bouda misses you.
You shoot an arrow. The arrow hits the gnoll bouda.
The gnoll bouda is almost dead.
The gnoll bouda barks out a call to the hunt!
The gnolls pick up the pace!
You shoot an arrow.
The arrow barely misses the gnoll bouda.
The arrow closely misses the gnoll.
The arrow hits the gnoll but does no damage.
The gnoll is heavily wounded.
The gnoll bouda gazes fiercely through you!
You feel your attacks grow feeble. The gnoll bouda misses you.
You shoot an arrow. The arrow hits the gnoll bouda!
You kill the gnoll bouda!
The gnoll hits you but does no damage. x2
Okay, then.
Okay, then.
You shoot an arrow. The arrow hits the gnoll.
The gnoll is moderately wounded.
The gnoll barely misses you. x2
You shoot an arrow. The arrow hits the gnoll.
The gnoll is heavily wounded.
The gnoll hits you with a +0 whip.
* * * LOW HITPOINT WARNING * * *
The gnoll hits you from afar with a +0 spear.
* * * LOW HITPOINT WARNING * * *
You shoot an arrow. The arrow barely misses the gnoll.
The arrow closely misses the gnoll.
The gnoll hits you with a +0 whip.
You die...

#...#.##.........#........#
#####.##.............######
#..+.............#
#)##.........)...#
#####'#..........#+#.#
.................#.#.#
..........†........#.#
.........#######.###.#
.........# #@# .#
........)# #g# .........#
#g# .........# #.####
.........#######....#
.............##....# #####
.............##....#......
.........)...+.....g......
.............##....#.)....


You could see 2 gnolls.

Vanquished Creatures
  A gnoll bouda (D:4)
  An orc priest (D:4)
  2 orc wizards (D:4)
  7 adders
  2 gnolls (D:4)
  A white imp (D:3)
  A worm (D:2)
  2 dart slugs
  An orc (D:4)
  7 ball pythons
  4 bats
  9 endoplasms
  3 giant cockroaches
  5 goblins
  7 hobgoblins
  2 quokkas
  4 frilled lizards
  5 kobolds
  6 rats
70 creatures vanquished.

Notes
Turn   | Place    | Note
-------+----------+-------------------------------------------
     0 | D:1      | Elmgren the Gargoyle Hunter began the quest for the Orb.
     0 | D:1      | Reached XP level 1. HP: 12/12 MP: 1/1
   532 | D:1      | Reached XP level 2. HP: 17/17 MP: 2/2
  1227 | D:2      | Reached XP level 3. HP: 21/21 MP: 3/3
  1314 | D:2      | Reached skill level 5 in Ranged Weapons
  1526 | D:2      | Reached XP level 4. HP: 22/26 MP: 4/4
  2073 | D:3      | Found a shadowy altar of Dithmenos.
  2181 | D:3      | Reached skill level 6 in Ranged Weapons
  2626 | D:4      | Reached XP level 5. HP: 30/30 MP: 5/5
  2814 | D:4      | Reached skill level 7 in Ranged Weapons
  2814 | D:4      | Reached XP level 6. HP: 25/35 MP: 6/6
  2954 | D:4      | Slain by a gnoll

Illustrated notes

Levels and vault maps discovered:
D:1:      tarquinn_simple_flora_water_d, layout_basic
D:2:      cheibrodos_helix_gallery, layout_basic, minmay_heptomino_o4
D:3:      layout_basic, mainiacjoe_overflow_small_starburst
D:4:      layout_basic, mainiacjoe_overflow_alcove_1

Skill      XL: |  1  2  3  4  5 |
---------------+----------------+-----
Ranged Weapons | 5 6 7 |  7.3
Fighting       | |  2.1
Dodging        | |  1.5
Stealth        | |  1.1

Action                     |  1- 3 |  4- 6 || total
---------------------------+-------+-------++-------
   Fire: Shortbow          |    92 |   139 ||   231
    Use: Scroll            |       |     7 ||     7
 Armour: Leather armour    |    19 |    38 ||    57
  Dodge: Dodged            |    29 |    37 ||    66

Table legend: (Time is in decaauts)
 A = Elapsed time spent in this place.
 B = Non-inter-level travel time spent in this place.
 C = Inter-level travel time spent in this place.
 D = Time resting spent in this place.
 E = Time spent auto-exploring this place.
 F = Levels seen in this place.
 G = Mean time per level.
                   A        B        C        D        E       F      G
               +--------+--------+--------+--------+--------+-----+--------+
         Total |   2990 |   2850 |    140 |    342 |   2024 |   4 |  747.5 |
       Dungeon |   2990 |   2850 |    140 |    342 |   2024 |   4 |  747.5 |
               +--------+--------+--------+--------+--------+-----+--------+

Top non-repeatable levels by time:
     D:1: 1220 daAuts
     D:3: 762 daAuts
     D:2: 657 daAuts
     D:4: 348 daAuts
